 Dungeon Crawl Stone Soup version 0.31-a0-145-g046c7d2549 (webtiles) character file.

Game seed: 16875689260801570673

868 lessens the Basher (level 8, -20/58 HPs)
             Began as a Formicid Fighter on June 5, 2023.
             Was an Initiate of Okawaru.
             Demolished by an ogre
             ... wielding a +0 giant club
              (22 damage)
             ... on level 5 of the Dungeon.
             The game lasted 00:06:21 (4471 turns).

lessens the Basher (Formicid Fighter)               Turns: 4471, Time: 00:06:22

Health: -20/58     AC:  8    Str: 29    XL:     8   Next: 23%
Magic:  8/8        EV:  9    Int:  8    God:    Okawaru [......]
Gold:   231        SH:  5    Dex: 13    Spells: 7/7 levels left

rFire   . . .        B - +2 dagger (venom)
rCold   + . .        c - +0 buckler
rNeg    . . .        b - +0 scale mail
rPois   +            (helmet unavailable)
rElec   .            (no cloak)
rCorr   .            (no gloves)
SInv    +            f - +0 pair of boots
Will    .....        k - amulet "Zogue" {RegenMP rC+} Stlth
                     C - ring of poison resistance
HPRegen 0.29/turn    y - +6 ring of strength
MPRegen 0.51/turn

%: no passive effects
@: no status effects
A: permanent stasis, dig shafts and tunnels, antennae 3, four strong arms
a: Dig, Shaft Self, Renounce Religion


You were on level 5 of the Dungeon.
You worshipped Okawaru.
Okawaru was noncommittal.
You visited 2 branches of the dungeon, and saw 6 of its levels.

You collected 231 gold pieces.

Inventory:

Hand Weapons
 a - a +0 flail
 u - a +0 giant club
 B - a +2 dagger of venom (weapon)
Missiles
 l - 40 stones
 v - 8 boomerangs
 A - a throwing net
Armour
 b - a +0 scale mail (worn)
 c - a +0 buckler (worn)
 f - a +0 pair of boots (worn)
Jewellery
 k - the amulet "Zogue" (around neck) {RegenMP rC+}
   (You found it on level 2 of the Dungeon)

   [amulet of magic regeneration]

   It increases your rate of magic regeneration.
   rC:        It protects you from cold.
 q - a ring of flight
 y - a +6 ring of strength (right hand)
 C - a ring of poison resistance (left hand)
Wands
 r - a wand of flame (33)
 z - a wand of polymorph (6)
Scrolls
 e - a scroll of immolation {unknown}
 h - 2 scrolls of identify {unknown}
 i - a scroll of teleportation {unknown}
 n - 2 scrolls of enchant weapon {unknown}
 p - a scroll of vulnerability {unknown}
 s - a scroll of amnesia {unknown}
Potions
 d - 3 potions of might
 g - 2 potions of enlightenment {unknown}
 j - 3 potions of curing {unknown}
 m - a potion of magic {unknown}
 o - 2 potions of heal wounds {unknown}
 t - a potion of degeneration {unknown}
 w - a potion of resistance {unknown}
 x - a potion of lignification {unknown}
 D - a potion of ambrosia {unknown}


   Skills:
 - Level 3.2 Fighting
 + Level 9.1 Maces & Flails
 - Level 3.2 Armour
 - Level 4.0 Shields


You had 7 spell levels left.
You didn't know any spells.
Your spell library contained the following spells:

 Spells                   Type           Power      Damage    Failure   Level
 Arcjolt                  Conj/Air       0%         1d10      100%        5
 Maxwell's Capacitive Co  Air            0%         ∞         100%        8
 Summon Small Mammal      Summ           Unusable   N/A       N/A         1
 Call Canine Familiar     Summ           Unusable   N/A       N/A         3
 Summon Guardian Golem    Hex/Summ       Unusable   N/A       N/A         3
 Vhi's Electric Charge    Tloc/Air       Unusable   N/A       N/A         3

Dungeon Overview and Level Annotations

Branches:
Dungeon (5/15) Zot: 25536  Temple (1/1) D:5 Zot: 5924

Altars:
Fedhas
Kikubaaqudgha
Nemelex Xobeh
Okawaru
Qazlal
Ru
Uskayaw
Vehumet
Yredelemnul
The Shining One

Annotations:
D:2 Robin, Sigmund


Innate Abilities, Weirdness & Mutations

You cannot be hasted, slowed, berserked, paralysed or teleported.
You can dig through walls and to a lower floor.
You have a pair of large antennae on your head. (SInv)
Your four strong arms can wield two-handed weapons with a shield.


Message History

Okawaru accepts your kill.
You hear the brisk rusting of a very distant drain.
You closely miss the iguana. The iguana bites you!
You hit the iguana.
The iguana is poisoned.
The iguana is moderately wounded.
The iguana bites you.
* * * LOW HITPOINT WARNING * * *
You hit the iguana but do no damage.
The iguana looks as sick as possible!
The iguana is heavily wounded.
The iguana barely misses you. The iguana bites you!
* * * LOW HITPOINT WARNING * * *
You hit the iguana.
The iguana looks as sick as possible!
The iguana is almost dead.
You kill the iguana!
Okawaru accepts your kill.
Items here: )))) [[[[ †††.
Items here: ) [ ††.
You start resting.
You hear the brisk rusting of a distant drain.
A quokka comes into view.
The quokka bites you but does no damage.
The quokka bites you but does no damage.
You hit the quokka.
You kill the quokka!
Okawaru accepts your kill.
You see here a quokka corpse.
An ogre comes into view. It is wielding a +0 giant club.
Found a ring mail.
The ogre shouts!
Found 6 stones.
You hit the ogre.
The ogre is poisoned.
The ogre is lightly wounded.
The ogre hits you with a +0 giant club!!
* * * LOW HITPOINT WARNING * * *
You hit the ogre.
The ogre looks as sick as possible!
The ogre is moderately wounded.
You hit the ogre.
The ogre looks as sick as possible!
The ogre is severely wounded.
The ogre hits you with a +0 giant club!!
You die...

#...##.........### ..
#....#............#..(..
#.#........###..........
............# ##....[..
..#.......).## #.)....
..##.....##..# .....##
#..#........## #.....##
............####......#
#...........#.##@O.#
##..[...<...>..#.###
#<...........†...#
.................#
#...............##
###................
#.#........##........
.....................
......÷..###.........


You could see an ogre (extremely poisoned).

Vanquished Creatures
  An ogre (D:4)
  A bullfrog (D:4)
  4 scorpions
  A howler monkey (D:4)
  2 hounds (D:5)
  A jelly (D:5)
  A sleepcap (D:4)
  Ijyb (D:5)
  2 iguanas (D:5)
  Natasha (D:2)
  2 orc wizards (D:5)
  4 gnolls (D:4)
  5 adders
  A shadow imp (D:5)
  2 worms
  5 dart slugs
  9 orcs
  4 bats
  5 endoplasms
  5 giant cockroaches
  7 goblins
  8 hobgoblins
  3 quokkas
  8 ball pythons
  3 frilled lizards
  4 kobolds
  6 rats
96 creatures vanquished.

Notes
Turn   | Place    | Note
-------+----------+-------------------------------------------
     0 | D:1      | lessens the Formicid Fighter began the quest for the Orb.
     0 | D:1      | Reached XP level 1. HP: 18/18 MP: 1/1
    72 | D:1      | Reached XP level 2. HP: 24/24 MP: 2/2
   352 | D:1      | Reached skill level 3 in Maces & Flails
   505 | D:1      | Reached XP level 3. HP: 29/29 MP: 3/3
   862 | D:2      | Identified the amulet "Zogue" {RegenMP rC+}
   893 | D:2      | Noticed Natasha
   897 | D:2      | Killed Natasha
   898 | D:2      | Reached skill level 4 in Maces & Flails
   898 | D:2      | Reached XP level 4. HP: 30/35 MP: 4/4
  1035 | D:2      | Noticed Sigmund
  1428 | D:3      | Reached XP level 5. HP: 41/41 MP: 5/5
  1752 | D:3      | Reached skill level 5 in Maces & Flails
  1821 | D:3      | Found an ancient bone altar of Kikubaaqudgha.
  1825 | D:3      | Found a blossoming altar of Fedhas.
  2012 | D:2      | Identified the +0 helmet "Ror Xir" {+Inv Will+}
  2012 | D:2      | Noticed Robin
  2144 | D:4      | Reached skill level 6 in Maces & Flails
  2144 | D:4      | Reached XP level 6. HP: 30/47 MP: 6/6
  2452 | D:4      | Noticed an ogre
  2484 | D:4      | Killed an ogre
  2485 | D:4      | Reached XP level 7. HP: 52/52 MP: 7/7
  2537 | D:4      | Reached skill level 7 in Maces & Flails
  4074 | D:5      | Entered Level 5 of the Dungeon
  4074 | D:5      | Noticed Ijyb
  4080 | D:5      | Killed Ijyb
  4081 | D:5      | Reached skill level 8 in Maces & Flails
  4116 | D:5      | Found a staircase to the Ecumenical Temple.
  4129 | Temple   | Entered the Ecumenical Temple
  4174 | Temple   | Became a worshipper of Warmaster Okawaru
  4344 | D:5      | Found a glowing golden altar of the Shining One.
  4365 | D:5      | Reached XP level 8. HP: 54/57 MP: 8/8
  4401 | D:5      | Reached skill level 9 in Maces & Flails
  4469 | D:5      | HP: 2/58 [ogre/+0 giant club (24)]
  4471 | D:5      | Demolished by an ogre

Illustrated notes

Levels and vault maps discovered:
D:1:      eino_arrival_water_star, layout_rooms, serial_bayou,
          serial_bayou_shore_b, serial_bayou_shore_b, serial_bayou_pond_d,
          serial_bayou_lagoon_b
D:2:      layout_rooms, uniq_robin, uniq_natasha, uniq_sigmund
D:3:      layout_basic, grunt_temple_overflow_growth_and_decay
D:4:      minmay_door_path, layout_layer_cave
D:5:      layout_cave_pools, lemuel_coloured_pillars_altar,
          mainiacjoe_overflow_boulevard, minmay_temple_entry_offerings,
          serial_shops, kennysheep_little_box, gup_sewer_entry_glass, uniq_ijyb
Temple:   cyrus_temple_forest

Skill      XL: |  1  2  3  4  5  6  7  8 |
---------------+-------------------------+-----
Maces & Flails | 3 4 6 8 9 |  9.1
Fighting       | |  3.2
Armour         | |  3.2
Shields        | |  4.0

Action                     |  1- 3 |  4- 6 |  7- 9 || total
---------------------------+-------+-------+-------++-------
  Melee: Flail             |    91 |    79 |   103 ||   273
         Dagger            |       |       |    82 ||    82
Ability: Dig               |       |       |     1 ||     1
    Use: Potion            |       |     1 |       ||     1
 Armour: Scale mail        |    56 |    32 |    56 ||   144
  Dodge: Dodged            |    51 |    33 |    70 ||   154
  Block: Buckler           |    26 |    17 |    36 ||    79

Table legend: (Time is in decaauts)
 A = Elapsed time spent in this place.
 B = Non-inter-level travel time spent in this place.
 C = Inter-level travel time spent in this place.
 D = Time resting spent in this place.
 E = Time spent auto-exploring this place.
 F = Levels seen in this place.
 G = Mean time per level.
                   A        B        C        D        E       F      G
               +--------+--------+--------+--------+--------+-----+--------+
         Total |   4538 |   4349 |    189 |      9 |   3343 |   6 |  756.3 |
       Dungeon |   4462 |   4303 |    159 |      9 |   3306 |   5 |  892.4 |
        Temple |     75 |     45 |     30 |      0 |     37 |   1 |   75.0 |
               +--------+--------+--------+--------+--------+-----+--------+

Top non-repeatable levels by time:
     D:4: 1985 daAuts
     D:3: 944 daAuts
     D:1: 831 daAuts
     D:2: 379 daAuts
     D:5: 320 daAuts
  Temple: 75 daAuts

Levels and vault maps discovered:
D:1:      eino_arrival_water_star, layout_rooms, serial_bayou,
          serial_bayou_shore_b, serial_bayou_shore_b, serial_bayou_pond_d,
          serial_bayou_lagoon_b
D:2:      layout_rooms, uniq_robin, uniq_natasha, uniq_sigmund
D:3:      layout_basic, grunt_temple_overflow_growth_and_decay
D:4:      minmay_door_path, layout_layer_cave
D:5:      layout_cave_pools, lemuel_coloured_pillars_altar,
          mainiacjoe_overflow_boulevard, minmay_temple_entry_offerings,
          serial_shops, kennysheep_little_box, gup_sewer_entry_glass, uniq_ijyb
Temple:   cyrus_temple_forest
